 Dungeon Crawl Stone Soup version 0.24.0-123-gd5b16e6ec5 (webtiles) character file.

Game seed: 14484342244653230853, levelgen mode: deterministic

567 FishyPogo the Ducker (level 7, -1/40 HPs)
             Began as a Deep Elf Venom Mage on Jan 2, 2020.
             Was an Initiate of Sif Muna.
             Slain by a gnoll zombie (6 damage)
             ... in an ossuary.
             The game lasted 00:14:39 (4023 turns).

FishyPogo the Ducker (Deep Elf Venom Mage)          Turns: 4023, Time: 00:14:40

Health: -1/40      AC:  2    Str:  5    XL:     7   Next: 11%
Magic:  13/13      EV: 15    Int: 22    God:    Sif Muna [......]
Gold:   183        SH:  0    Dex: 15    Spells: 6/12 levels left

rFire    . . .     SeeInvis .   j - +0 short sword
rCold    + . .     Gourm    .   (no shield)
rNeg     . . .     Faith    .   a - +0 robe
rPois    .         Spirit   .   (no helmet)
rElec    .         Reflect  .   (no cloak)
rCorr    +         Harm     .   (no gloves)
MR       .....                  (no boots)
Stlth    ++........             (no amulet)
HPRegen  0.13/turn              b - ring of resist corrosion
MPRegen  0.13/turn              m - ring of protection from cold

@: no status effects
A: sense surroundings 1, MP-powered wands
a: Renounce Religion


You were in an ossuary.
You worshipped Sif Muna.
Sif Muna was noncommittal.
You were hungry.

You visited 2 branches of the dungeon, and saw 6 of its levels.
You also visited: Ossuary.

You collected 183 gold pieces.

Inventory:

Hand Weapons
 j - a +0 short sword (weapon)
Missiles
 k - 7 boomerangs (quivered)
 l - 131 stones
 v - 3 silver boomerangs
 y - a throwing net
Armour
 a - a +0 robe (worn)
 n - a +0 pair of boots
Magical Staves
 q - an uncursed staff of air
Jewellery
 b - a ring of resist corrosion (left hand)
 m - a ring of protection from cold (right hand)
Wands
 g - a wand of random effects (18)
Scrolls
 d - 6 scrolls of identify {unknown}
 f - 2 scrolls of fog {unknown}
 h - 4 scrolls of amnesia
 o - a scroll of remove curse {unknown}
 p - 2 scrolls of teleportation
 r - a scroll of random uselessness {unknown}
 s - a scroll of fear {unknown}
 u - a scroll of enchant weapon {unknown}
 z - 3 scrolls of immolation {unknown}
Potions
 e - 4 potions of curing
 t - 2 potions of mutation
 w - a potion of haste
 A - 2 potions of brilliance
Comestibles
 c - 6 rations


   Skills:
 * Level 2.9 Fighting
 * Level 3.2 Short Blades
 * Level 2.9 Armour
 - Level 5.0 Dodging
 - Level 2.4 Stealth
 + Level 3.1 Spellcasting
 - Level 1.1 Conjurations
 * Level 0.6 Air Magic
 + Level 3.3 Poison Magic


You had 6 spell levels left.
You knew the following spells:

 Your Spells              Type           Power        Failure   Level  Hunger
a - Sting                 Conj/Pois      ##..         4%          1    None
b - Poisonous Vapours     Pois/Air       ##....       9%          2    ##.....
c - Mephitic Cloud        Conj/Pois/Air  ##......     19%         3    ###....

Your spell library contained the following spells:

 Spells                   Type           Power        Failure   Level  Hunger
 Olgreb's Toxic Radiance  Pois           ###.....     30%         4    ####...
 Venom Bolt               Conj/Pois      ##........   80%         5    ######.


Dungeon Overview and Level Annotations

Branches:
Dungeon (5/15)             Temple (1/1) D:4         Ossuary (1/1)

Altars:
Ashenzari
Elyvilon
Hepliaklqana
Kikubaaqudgha
Sif Muna
Trog
Uskayaw
Vehumet
Yredelemnul
Zin
The Shining One

Annotations:
D:3 Grinder


Innate Abilities, Weirdness & Mutations

You passively map a small area around you.
You expend magic power (3 MP) to strengthen your wands.


Message History

The big kobold zombie barely misses you.
You hit the big kobold zombie.
The big kobold zombie is almost destroyed.
The big kobold zombie barely misses you.
You hit the big kobold zombie but do no damage.
The big kobold zombie is almost destroyed.
You hit the big kobold zombie.
The big kobold zombie is almost destroyed.
The big kobold zombie hits you.
* * * LOW HITPOINT WARNING * * *
You hit the big kobold zombie but do no damage.
The big kobold zombie is almost destroyed.
The big kobold zombie closely misses you.
You hit the big kobold zombie.
You destroy the big kobold zombie!
Sif Muna accepts your kill.
You hit the gnoll zombie.
The gnoll zombie is lightly damaged.
The gnoll zombie hits you.
You die...

### ### ###
######.###.###.#######
^^^#.............#^^^#
^∩^'............@Z^∩^#
^^^#.............#^^^#
#'####.###.###.####'##
... ### ### ### #...#
...* #...# ....
#.....# ...# ##...##
...# #...# .. #...#*


You could see a gnoll zombie.

Vanquished Creatures
  Sigmund (D:3)
  An ogre (D:2)
  A scorpion (D:4)
  A human zombie (Ossuary)
  2 orc wizards (D:4)
  A big kobold zombie (Ossuary)
  3 mummies (Ossuary)
  4 adders
  3 gnolls (D:4)
  An ooze (D:2)
  An adder zombie (Ossuary)
  2 worms
  A leopard gecko (D:2)
  10 orcs (D:4)
  2 ball pythons (D:4)
  8 bats
  7 giant cockroaches
  3 goblins
  11 hobgoblins
  3 jackals (D:4)
  5 kobolds
  2 quokkas (D:2)
  4 frilled lizards
  A gnoll zombie (Ossuary)
  4 hobgoblin zombies (Ossuary)
  A kobold zombie (Ossuary)
  An orc zombie (Ossuary)
  3 rats
  A rat zombie (Ossuary)
88 creatures vanquished.

Notes
Turn   | Place    | Note
-------+----------+-------------------------------------------
     0 | D:1      | FishyPogo the Deep Elf Venom Mage began the quest for the
                  | Orb.
     0 | D:1      | Reached XP level 1. HP: 10/10 MP: 6/6
   367 | D:1      | Reached XP level 2. HP: 14/16 MP: 6/8
   382 | D:1      | Learned a level 2 spell: Poisonous Vapours
   983 | D:2      | Reached skill level 3 in Dodging
  1226 | D:2      | Reached skill level 1 in Armour
  1231 | D:2      | Reached skill level 1 in Fighting
  1232 | D:2      | Reached XP level 3. HP: 18/20 MP: 3/9
  1390 | D:2      | Found a glowing golden altar of the Shining One.
  1538 | D:2      | Noticed an ogre
  1554 | D:2      | Killed an ogre
  1554 | D:2      | Reached skill level 1 in Short Blades
  1554 | D:2      | Reached XP level 4. HP: 26/26 MP: 2/10
  1799 | D:2      | Reached XP level 5. HP: 28/30 MP: 5/11
  2053 | D:3      | Noticed Sigmund
  2059 | D:3      | Learned a level 3 spell: Mephitic Cloud
  2066 | D:3      | Killed Sigmund
  2066 | D:3      | Reached skill level 4 in Dodging
  2066 | D:3      | Reached XP level 6. HP: 35/35 MP: 2/12
  2599 | D:3      | Noticed Grinder
  2621 | D:3      | Paralysed by Grinder for 5 turns
  2700 | D:4      | Found a basalt altar of Yredelemnul.
  3075 | D:4      | Reached skill level 5 in Dodging
  3137 | D:4      | Found a staircase to the Ecumenical Temple.
  3154 | Temple   | Entered the Ecumenical Temple
  3176 | Temple   | Became a worshipper of Sif Muna the Loreminder
  3663 | D:4      | Found a white marble altar of Elyvilon.
  3699 | D:5      | Entered Level 5 of the Dungeon
  3716 | D:5      | Found a sand-covered staircase.
  3725 | Ossuary  | Entered an ossuary
  3876 | Ossuary  | Gained mutation: You passively map a small area around you.
                  | [potion of mutation]
  3876 | Ossuary  | Gained mutation: You expend magic power (3 MP) to
                  | strengthen your wands. [potion of mutation]
  3912 | Ossuary  | Reached XP level 7. HP: 26/40 MP: 13/13
  4023 | Ossuary  | Slain by a gnoll zombie

Levels and vault maps discovered:
D:1:      dpeg_arrival_round_c, layout_loops_corners
D:2:      layout_loops_cross, tso_metal_star
D:3:      layout_basic, moated_statue, uniq_sigmund, uniq_natasha, uniq_grinder
D:4:      layout_loops_ring, kennysheep_ying_yang, temple_pool_b, first_ration
D:5:      layout_loops_ring, chequers_ossuary_entry_cave,
          hangedman_feature_mirror
Temple:   eino_temple_scatter_basement
Ossuary:  ossuary_minmay_chase

Skill      XL: |  1  2  3  4  5  6 |
---------------+-------------------+-----
Dodging        | 3 4 5 |  5.0
Armour         | 1 2 |  2.9
Fighting       | 1 2 |  2.9
Short Blades   | 1 2 3 |  3.2
Stealth        | |  2.4
Spellcasting   | |  3.1
Conjurations   | |  1.1
Air Magic      | |  0.6
Poison Magic   | |  3.3

Action                   |  1- 3 |  4- 6 |  7- 9 || total
-------------------------+-------+-------+-------++-------
Melee: Unarmed           |     9 |       |       ||     9
       Short sword       |    12 |   147 |    81 ||   240
Throw: Boomerang         |       |     2 |     1 ||     3
       Throwing net      |       |     1 |       ||     1
 Cast: Sting             |    58 |    74 |       ||   132
       Poisonous Vapours |     6 |    11 |       ||    17
       Mephitic Cloud    |       |     4 |       ||     4
  Use: Potion            |       |     8 |     1 ||     9
       Scroll            |       |     3 |       ||     3
 Stab: Sleeping          |     1 |     1 |     2 ||     4
       Invisible         |       |     6 |     3 ||     9
  Eat: Chunk             |     2 |     8 |       ||    10
Armor: Robe              |     2 |    15 |     4 ||    21
Dodge: Dodged            |    26 |   118 |    39 ||   183
